 Dungeon Crawl Stone Soup version 0.31-a0-278-g485e682e34 (webtiles) character file.

Game seed: 14983789803253237566

590 AdnanSaban the Cudgeller (level 7, -5/44 HPs)
             Began as a Gargoyle Fighter on July 15, 2023.
             Slain by an iguana (11 damage)
             ... on level 5 of the Dungeon.
             The game lasted 00:05:34 (3365 turns).

AdnanSaban the Cudgeller (Gargoyle Fighter)         Turns: 3365, Time: 00:05:34

Health: -5/44      AC: 18    Str: 22    XL:     7   Next: 39%
Magic:  7/7        EV:  6    Int:  8    God:
Gold:   467        SH:  4    Dex:  9    Spells: 6/6 levels left

rFire   . . .        a - +0 flail
rCold   . . .        c - +0 buckler
rNeg    + . .        j - +0 plate armour
rPois   ∞            (no helmet)
rElec   +            (no cloak)
rCorr   .            (no gloves)
SInv    .            y - +0 pair of boots
Will    .....        (no amulet) Stlth
                     (no ring)
HPRegen 0.27/turn    (no ring)
MPRegen 0.10/turn

%: no passive effects
@: no status effects
A: sickness immunity, AC +4, negative energy resistance 1, electricity
resistance, torment resistance 1, petrification resistance
a: no special abilities


You were on level 5 of the Dungeon.
You visited 1 branch of the dungeon, and saw 5 of its levels.
You also visited: Ossuary.

You collected 467 gold pieces.

Inventory:

Hand Weapons
 a - a +0 flail (weapon)
Armour
 c - a +0 buckler (worn)
 j - a +0 plate armour (worn)
 y - a +0 pair of boots (worn)
Jewellery
 b - the ring of Lohieg {Wiz rF+ rC- rN+ rCorr}
   (You found it on level 2 of the Dungeon)

   [ring of wizardry]

   It improves your spell success rate.
   rF:        It protects you from fire.
   rC:        It makes you vulnerable to cold.
   rN:        It protects you from negative energy.
   rCorr:     It protects you from acid and corrosion.
 e - an amulet of faith
 g - an amulet of magic regeneration
 s - an amulet of the acrobat
Talismans
 r - a beast talisman
Scrolls
 h - 2 scrolls of enchant weapon {unknown}
 k - 3 scrolls of vulnerability {unknown}
 m - 3 scrolls of blinking {unknown}
 n - 3 scrolls of teleportation {unknown}
 o - 6 scrolls of identify {unknown}
 t - 2 scrolls of enchant armour {unknown}
 v - a scroll of fear {unknown}
 x - 2 scrolls of immolation {unknown}
 B - 2 scrolls of silence {unknown}
 C - a scroll of brand weapon {unknown}
Potions
 d - a potion of might
 f - 3 potions of haste {unknown}
 i - a potion of lignification {unknown}
 l - a potion of attraction {unknown}
 p - 6 potions of curing {unknown}
 q - a potion of enlightenment {unknown}
 u - 3 potions of resistance {unknown}
 w - 2 potions of mutation {unknown}
 z - 2 potions of brilliance {unknown}
 A - a potion of experience {unknown}
 D - a potion of ambrosia {unknown}
 E - a potion of magic {unknown}


   Skills:
 + Level 4.6 Fighting
 + Level 6.0 Maces & Flails
 + Level 4.7 Armour
 + Level 0.1 Stealth
 + Level 4.5 Shields


You had 6 spell levels left.
You didn't know any spells.
Your spell library contained the following spells:

 Spells                   Type           Power      Damage    Failure   Level
 Tukima's Dance           Hex            0%         N/A       100%        3
 Passage of Golubria      Tloc           0%         N/A       100%        4
 Yara's Violent Unravell  Hex/Tmut       0%         3d3       100%        5


Dungeon Overview and Level Annotations

Branches:
Dungeon (5/15)            Ossuary (visited)
 Temple: D:4-7

Altars:
Ashenzari
Fedhas
Qazlal
Xom


Innate Abilities, Weirdness & Mutations

You are immune to sickness and miasma.
Your stone body is resilient. (AC +4)
You are immune to poison.
You resist negative energy. (rN+)
You are resistant to electric shocks. (rElec)
You are resistant to unholy torment.
You are immune to petrification.


Message History

The orc completely misses you.
The orc wizard hits you but does no damage.
You hit the iguana.
The iguana is lightly wounded.
The iguana bites you but does no damage.
The orc wizard hits you with a +0 dagger.
The orc hits you but does no damage.
You're too confused to move!
The iguana bites you but does no damage.
The orc barely misses you.
The orc wizard hits you but does no damage.
The orc hits you but does no damage.
You hit the orc wizard.
The orc wizard is lightly wounded.
You feel less confused.
The iguana bites you but does no damage.
The orc wizard casts a spell at you. You resist with some effort.
The orc hits you with a +0 short sword. The orc hits you but does no damage.
You thump the orc wizard!
The orc wizard is heavily wounded.
The iguana bites you but does no damage.
The orc hits you but does no damage.
The orc wizard hits you but does no damage.
The orc hits you with a +0 falchion.
You sock the orc wizard!
You kill the orc wizard!
The iguana bites you. The orc hits you but does no damage. x2
Your Maces & Flails skill increases to level 6!
You are too injured to fight recklessly!
You hit the iguana but do no damage.
The iguana is lightly wounded.
The iguana bites you!
* * * LOW HITPOINT WARNING * * *
The orc hits you but does no damage. x2
The orc attacks as you move away! The orc closely misses you.
The iguana attacks as you move away! You block the iguana's attack.
The orc attacks as you move away! The orc hits you but does no damage.
The iguana bites you!
You die...

#...........'......
#...........#######
#...........# #.
###...###+### #.#
#...# #.# #...# #
#.# #...#
##'####.####...#
.........o.@...+
.........ol....#
...............#
......)........#
...............#
..................
..............###.
................# #
......../.....#.#


You could see an iguana and 2 orcs.

Vanquished Creatures
  A sky beast (D:4)
  A black bear (D:4)
  A scorpion (D:4)
  2 hounds
  A sleepcap (D:3)
  An orc wizard (D:5)
  8 mummies (Ossuary)
  7 adders
  A worm (D:2)
  3 dart slugs
  2 orcs
  5 bats
  6 endoplasms
  2 giant cockroaches
  2 gnoll zombies (Ossuary)
  2 goblins (D:4)
  8 hobgoblins
  7 jackals
  4 kobolds
  A quokka (D:1)
  2 ball pythons
  3 frilled lizards
  3 hobgoblin zombies (Ossuary)
  3 orc zombies (Ossuary)
  3 rats
79 creatures vanquished.

Notes
Turn   | Place    | Note
-------+----------+-------------------------------------------
     0 | D:1      | AdnanSaban the Gargoyle Fighter began the quest for the
                  | Orb.
     0 | D:1      | Reached XP level 1. HP: 14/14 MP: 1/1
   102 | D:1      | Reached XP level 2. HP: 15/19 MP: 2/2
   547 | D:2      | Reached XP level 3. HP: 23/23 MP: 3/3
   632 | D:2      | Identified the ring of Lohieg {Wiz rF+ rC- rN+ rCorr}
   668 | D:2      | Reached skill level 3 in Maces & Flails
   919 | D:2      | Reached XP level 4. HP: 24/28 MP: 4/4
  1035 | D:2      | Found a faded altar of an unknown god.
  1477 | D:3      | Found a shimmering altar of Xom.
  1565 | D:3      | Reached XP level 5. HP: 33/33 MP: 5/5
  1688 | D:3      | Found a stormy altar of Qazlal.
  1832 | D:4      | Reached skill level 4 in Maces & Flails
  1869 | D:4      | Noticed a sky beast
  1870 | D:4      | Found a blossoming altar of Fedhas.
  1904 | D:4      | Killed a sky beast
  1905 | D:4      | Reached XP level 6. HP: 38/38 MP: 6/6
  2352 | D:4      | Reached skill level 5 in Maces & Flails
  2430 | D:4      | Found a broken altar of Ashenzari.
  2527 | D:4      | Noticed a black bear
  2534 | D:4      | Killed a black bear
  2536 | D:4      | You fall into a shaft and drop 1 floor!
  2536 | D:5      | Entered Level 5 of the Dungeon
  2826 | D:5      | Reached XP level 7. HP: 40/44 MP: 7/7
  2859 | D:5      | Found a sand-covered staircase.
  2864 | Ossuary  | Entered an ossuary
  3361 | D:5      | Reached skill level 6 in Maces & Flails
  3365 | D:5      | Slain by an iguana

Illustrated notes

Levels and vault maps discovered:
D:1:      lemuel_arrival_cross, layout_basic
D:2:      layout_basic, chequers_ecumenical_altar_twisty,
          minmay_misc_feat_alley, kennysheep_pointless_box
D:3:      layout_rooms, xom_teletrap_fun, nicolae_qazlal_eye_of_the_storm
D:4:      layout_cave_pods, cheibrodos_ashenzari_chains,
          mainiacjoe_overflow_cross_hatched
D:5:      layout_basic, nicolae_ossuary_entry_false_entrances

Skill      XL: |  1  2  3  4  5  6  7 |
---------------+----------------------+-----
Maces & Flails | 3 4 5 6 |  6.0
Fighting       | 4 |  4.6
Armour         | 4 |  4.7
Shields        | 4 |  4.5
Stealth        | |  0.1

Action                     |  1- 3 |  4- 6 |  7- 9 || total
---------------------------+-------+-------+-------++-------
  Melee: Flail             |    95 |   179 |    81 ||   355
 Armour: Scale mail        |    29 |       |       ||    29
         Plate armour      |    36 |   141 |    71 ||   248
  Dodge: Dodged            |    37 |    55 |    26 ||   118
  Block: Buckler           |    16 |    42 |    26 ||    84

Table legend: (Time is in decaauts)
 A = Elapsed time spent in this place.
 B = Non-inter-level travel time spent in this place.
 C = Inter-level travel time spent in this place.
 D = Time resting spent in this place.
 E = Time spent auto-exploring this place.
 F = Levels seen in this place.
 G = Mean time per level.
                   A        B        C        D        E       F      G
               +--------+--------+--------+--------+--------+-----+--------+
         Total |   3443 |   3353 |     90 |    213 |   2344 |   6 |  573.8 |
       Dungeon |   2969 |   2879 |     90 |      0 |   2255 |   5 |  593.8 |
       Ossuary |    474 |    474 |      0 |    213 |     89 |   1 |  474.0 |
               +--------+--------+--------+--------+--------+-----+--------+

Top non-repeatable levels by time:
     D:2: 906 daAuts
     D:4: 902 daAuts
     D:1: 556 daAuts
 Ossuary: 474 daAuts
     D:3: 410 daAuts
     D:5: 194 daAuts
